 Dungeon Crawl Stone Soup version 0.29-a0-416-g83a48905f1 (webtiles) character file.

Game seed: 10161547635299550488

66 dolemite99 the Twirler (level 4, 0/36 HPs)
             Began as a Ghoul Gladiator on May 17, 2022.
             Slain by Grinder (8 damage)
             ... on level 3 of the Dungeon.
             The game lasted 00:01:52 (2076 turns).

dolemite99 the Twirler (Ghoul Gladiator)            Turns: 2076, Time: 00:01:53

Health: 0/36       AC:  8    Str: 19    XL:     4   Next: 15%
Magic:  3/3        EV: 10    Int:  3    God:
Gold:   79         SH:  0    Dex: 10    Spells: 3/3 levels left

rFire   . . .      SeeInvis .   a - +0 quarterstaff
rCold   + . .      Faith    .   (shield currently unavailable)
rNeg    + + +      Spirit   .   s - +0 scale mail
rPois   ∞          Reflect  .   c - +0 helmet
rElec   .          Harm     .   (no cloak)
rCorr   .          Rampage  .   (no gloves)
Will    .....                   g - +0 pair of boots
Stlth   ..........              (no amulet)
HPRegen 0.00/turn               (no ring)
MPRegen 0.08/turn               (no ring)

@: inhibited regen
A: claws 1, cold resistance 1, negative energy resistance 3, inhibited
regeneration, torment resistance 2, devour on kill
a: no special abilities


You were on level 3 of the Dungeon.
You visited 1 branch of the dungeon, and saw 3 of its levels.

You collected 79 gold pieces.

Inventory:

Hand Weapons
 a - a +0 quarterstaff (weapon)
Missiles
 e - a javelin
 r - 2 throwing nets (quivered)
 u - 14 stones
Armour
 b - a +0 leather armour
 c - a +0 helmet (worn)
 g - a +0 pair of boots (worn)
 s - a +0 scale mail (worn)
Jewellery
 l - an amulet of magic regeneration
 q - an amulet of regeneration
Wands
 d - a wand of digging (3)
Scrolls
 h - 2 scrolls of vulnerability {unknown}
 i - a scroll of magic mapping {unknown}
 m - a scroll of immolation {unknown}
 n - a scroll of teleportation {unknown}
 t - a scroll of acquirement {unknown}
Potions
 f - a potion of might {unknown}
 j - a potion of attraction {unknown}
 o - a potion of lignification {unknown}
 p - 3 potions of mutation {unknown}


   Skills:
 - Level 2.1 Fighting
 + Level 4.4 Staves
 - Level 1.7 Throwing
 - Level 2.6 Dodging


You had 3 spell levels left.
You didn't know any spells.
Your spell library contained the following spells:

 Spells                   Type           Power      Damage    Failure   Level
 Gell's Gravitas          Tloc           0%         N/A       99%         3
 Ignite Poison            Fire/Tmut/Pois 0%         N/A       99%         3
 Lesser Beckoning         Tloc           0%         N/A       99%         3
 Mephitic Cloud           Conj/Pois/Air  0%         N/A       99%         3
 Teleport Other           Tloc           0%         N/A       99%         3
 Freezing Cloud           Conj/Ice/Air   0%         6-21      100%        5
 Malign Gateway           Summ/Tloc      0%         N/A       100%        7
 Summon Horrible Things   Summ           0%         N/A       100%        8


Dungeon Overview and Level Annotations

Branches:
Dungeon (3/15)

Altars:

Annotations:
D:2 Sigmund
D:3 Grinder


Innate Abilities, Weirdness & Mutations

You are immune to poison.
You have sharp fingernails.
Your flesh is cold resistant. (rC+)
You are immune to negative energy. (rN+++)
You do not regenerate when monsters are visible.
You are immune to unholy pain and torment.
You thrive by killing the living.


Message History

You feel better.
You hit the orc.
The orc is heavily wounded.
The orc closely misses you.
You hit the orc.
You kill the orc!
You miss the kobold. The kobold barely misses you.
You hit the kobold.
You kill the kobold!
Grinder grins, showing sharp teeth.
Grinder hits you but does no damage.
Items here: ))))) ††.
You closely miss Grinder. Grinder hits you. Grinder closely misses you.
You hit Grinder.
Grinder is lightly wounded.
Grinder barely misses you.
You hit Grinder.
Grinder is lightly wounded.
Grinder hits you.
You barely miss Grinder.
Grinder is lightly wounded.
Grinder closely misses you.
You hit Grinder.
Grinder is lightly wounded.
Grinder barely misses you.
You completely miss Grinder.
Grinder is lightly wounded.
Grinder says, "Don't move a muscle."
Grinder misses you.
You sock Grinder!
Grinder is heavily wounded.
Grinder barely misses you.
You hit Grinder.
Grinder is heavily wounded.
Grinder hits you!
* * * LOW HITPOINT WARNING * * *
You closely miss Grinder.
Grinder is heavily wounded.
Grinder hits you!
You die...

.......###### ..
#..........#... #.
#........... .
#.....?.S... .#
##.r....#.§. #.
#o....K.#...# #.
#.#####...#.## #.#.####.#
##.#..#
#....@5..######.....
#...#####.........# .
......######.........#...
..................†......
......######.....<...#
....# #.........# .<..
########### ...


You could see Grinder.

Vanquished Creatures
  Terence (D:2)
  A worm (D:2)
  A dart slug (D:2)
  3 orcs (D:3)
  A bat (D:1)
  3 endoplasms
  A giant cockroach (D:1)
  4 goblins
  2 hobgoblins
  6 kobolds
  3 quokkas
  3 ball pythons
  2 frilled lizards (D:1)
  3 rats
34 creatures vanquished.

Notes
Turn   | Place    | Note
-------+----------+-------------------------------------------
     0 | D:1      | dolemite99 the Ghoul Gladiator began the quest for the Orb.
     0 | D:1      | Reached XP level 1. HP: 17/17 MP: 0/0
   134 | D:1      | Reached skill level 3 in Staves
   408 | D:1      | Reached XP level 2. HP: 24/24 MP: 1/1
  1013 | D:2      | Reached XP level 3. HP: 14/29 MP: 2/2
  1207 | D:2      | Noticed Terence
  1232 | D:2      | Killed Terence
  1233 | D:2      | Reached skill level 4 in Staves
  1979 | D:2      | Noticed Sigmund
  2003 | D:3      | Reached XP level 4. HP: 33/36 MP: 3/3
  2040 | D:3      | Noticed Grinder
  2076 | D:3      | Slain by Grinder

Illustrated notes

Levels and vault maps discovered:
D:1:      erik_arrival_triangle_medium, layout_basic, glass_columns_c,
          kennysheep_boxes
D:2:      layout_basic, uniq_sigmund, uniq_terence
D:3:      layout_rooms, roderic_lattice_a, uniq_grinder

Skill      XL: |  1  2  3 |
---------------+----------+-----
Staves         | 3 4 |  4.4
Fighting       | |  2.1
Throwing       | |  1.7
Dodging        | |  2.6

Action                   |  1- 3 |  4- 6 || total
-------------------------+-------+-------++-------
Melee: Quarterstaff      |   100 |    26 ||   126
Throw: Throwing net      |     3 |       ||     3
       Javelin           |     1 |       ||     1
  Use: Scroll            |     1 |       ||     1
 Stab: Held in net/web   |     1 |       ||     1
Armor: Leather armour    |    21 |       ||    21
       Scale mail        |    12 |     9 ||    21
Dodge: Dodged            |    77 |    14 ||    91

Table legend: (Time is in decaauts)
 A = Elapsed time spent in this place.
 B = Non-inter-level travel time spent in this place.
 C = Inter-level travel time spent in this place.
 D = Time resting spent in this place.
 E = Time spent auto-exploring this place.
 F = Levels seen in this place.
 G = Mean time per level.
                   A        B        C        D        E       F      G
               +--------+--------+--------+--------+--------+-----+--------+
         Total |   2123 |   2087 |     36 |    427 |   1209 |   3 |  707.7 |
       Dungeon |   2123 |   2087 |     36 |    427 |   1209 |   3 |  707.7 |
               +--------+--------+--------+--------+--------+-----+--------+

Top non-repeatable levels by time:
     D:2: 1063 daAuts
     D:1: 977 daAuts
     D:3: 82 daAuts
